BSA
ST. LOUIS BROWNS @ VISTA PANTHERS
03/23/2028
 
TOP OF THE 1ST
St. Louis Browns batting - Pitching for Vista Panthers : LHP William Watson
Pitching: LHP William Watson
Batting: RHB Carlos Alfaro 0-0: Fly out, F5 (Popup, 56)
Batting: LHB John Cotton 0-0: Ball
1-0: Ball
2-0: Foul Ball, location: 2F
2-1: Ball
3-1: Base on Balls
Batting: RHB Adrian Prouse 0-0: Hit by Pitch
John Cotton to second
Pinch Runner at 1st Junior Coates:
Batting: RHB Anthony Rucker 0-0: Called Strike
0-1: Ball
1-1: Ball
2-1: Ball
3-1: SINGLE (Groundball, 34D)
John Cotton to third
Junior Coates to second
Runner from 3rd tries for Home, throw and OUT!
Junior Coates to third
Anthony Rucker to second
Batting: LHB Dave Watson 0-0: 3-RUN HOME RUN (Flyball, 8RXD), Distance : 439 ft
Batting: LHB Bob Ware 0-0: Swinging Strike
0-1: Foul Ball, location: 2F
0-2: Ball
1-2: Foul Ball, location: 2F
1-2: Strikes out looking
Top of the 1st over - 3 run(s), 2 hit(s), 0 error(s), 0 left on base; St. Louis 3 - Vista 0
BOTTOM OF THE 1ST
Vista Panthers batting - Pitching for St. Louis Browns : RHP Aaron Palmer
Pitching: RHP Aaron Palmer
Now in RF: Junior Coates
Batting: LHB Francisco Marino 0-0: Called Strike
0-1: Foul Ball, location: 2F
0-2: Foul Ball, location: 2F
0-2: Strikes out swinging
Batting: LHB Noriaki Sangi 0-0: Ball
1-0: Called Strike
1-1: Called Strike
1-2: Ball
2-2: Foul Ball, location: 2F
2-2: Ball
3-2: Ground out 3-1 (Groundball, 34)
Batting: LHB Dante Owens 0-0: Called Strike
0-1: SINGLE (Groundball, 4MS) (infield hit)
Batting: SHB Mark Wells 0-0: Ball
Dante Owens is caught stealing 2nd base
Bottom of the 1st over - 0 run(s), 1 hit(s), 0 error(s), 0 left on base; St. Louis 3 - Vista 0
TOP OF THE 2ND
St. Louis Browns batting - Pitching for Vista Panthers : LHP William Watson
Batting: LHB Mike Hill 0-0: Foul Ball, location: 2F
0-1: Foul Ball, location: 2F
0-2: Ball
1-2: Ground out U3 (Groundball, 34S)
Batting: RHB Vicente Valentín 0-0: Ball
1-0: Ball
2-0: Ball
3-0: Base on Balls
Batting: RHB Danny Walker 0-0: Called Strike
0-1: SINGLE (Line Drive, 8RS)
Vicente Valentín to second
Batting: RHB Carlos Alfaro 0-0: Called Strike
0-1: Fly out, F8 (Flyball, 8LM)
Batting: LHB John Cotton 0-0: Called Strike
0-1: Called Strike
0-2: Reached on error, E3 (Groundball, 34)
Vicente Valentín scores
Danny Walker to third
Batting: LHB Junior Coates 0-0: Ball
1-0: Called Strike
1-1: Ball
2-1: Called Strike
2-2: Fly out, F6 (Line Drive, 6)
Top of the 2nd over - 1 run(s), 1 hit(s), 1 error(s), 2 left on base; St. Louis 4 - Vista 0
BOTTOM OF THE 2ND
Vista Panthers batting - Pitching for St. Louis Browns : RHP Aaron Palmer
Batting: SHB Mark Wells 0-0: Ball
1-0: Fly out, F4 (Flyball, 4MD)
Batting: LHB Bob Cunningham 0-0: Called Strike
0-1: Ball
1-1: Ball
2-1: Foul Ball, location: 2F
2-2: SINGLE (Groundball, 4MD)
Batting: RHB Cisco Gatán 0-0: Ground out 6-3 (Groundball, 6M)
Bob Cunningham to second
Batting: RHB Salvador Salas 0-0: Called Strike
0-1: Foul Ball, location: 2F
0-2: Ball
1-2: Strikes out swinging
Bottom of the 2nd over - 0 run(s), 1 hit(s), 0 error(s), 1 left on base; St. Louis 4 - Vista 0
TOP OF THE 3RD
St. Louis Browns batting - Pitching for Vista Panthers : LHP William Watson
Batting: RHB Anthony Rucker 0-0: Swinging Strike
0-1: Ground out 6-3 (Groundball, 6)
Batting: LHB Dave Watson 0-0: Foul Ball, location: 2F
0-1: Ball
1-1: Ball
2-1: Foul Ball, location: 2F
2-2: Ball
3-2: Strikes out looking
Batting: LHB Bob Ware 0-0: Fly out, F7 (Line Drive, 7)
Top of the 3rd over - 0 run(s), 0 hit(s), 0 error(s), 0 left on base; St. Louis 4 - Vista 0
BOTTOM OF THE 3RD
Vista Panthers batting - Pitching for St. Louis Browns : RHP Aaron Palmer
Batting: RHB Justin Burgess 0-0: SINGLE (Groundball, 4MD)
Batting: RHB Johnny Williams 0-0: Swinging Strike
0-1: Foul Ball, location: 2F
0-2: Ball
1-2: Strikes out looking
Batting: LHB Francisco Marino 0-0: Fly out, F6 (Flyball, 6MD)
Batting: LHB Noriaki Sangi 0-0: Ball
1-0: Ball
2-0: Called Strike
2-1: Ball
3-1: SINGLE (Groundball, 34D)
Justin Burgess to second
Runner from 2nd tries for 3rd, SAFE, no throw
Batting: LHB Dante Owens Pickoff Throw to First - Out!
Bottom of the 3rd over - 0 run(s), 2 hit(s), 0 error(s), 0 left on base; St. Louis 4 - Vista 0
TOP OF THE 4TH
St. Louis Browns batting - Pitching for Vista Panthers : LHP William Watson
Batting: LHB Mike Hill 0-0: Called Strike
0-1: Called Strike
0-2: Ball
1-2: Ball
2-2: Strikes out swinging
Batting: RHB Vicente Valentín 0-0: Ball
1-0: Ball
2-0: Foul Ball, location: 2F
2-1: Foul Ball, location: 2F
2-2: Ball
3-2: Base on Balls
Batting: RHB Danny Walker 0-0: DOUBLE (Line Drive, 9LD)
Vicente Valentín to third
Batting: RHB Carlos Alfaro 0-0: Foul Ball, location: 2F
0-1: Ground out 6-3 (Groundball, 56)
Vicente Valentín scores
Batting: LHB John Cotton 0-0: Called Strike
0-1: Ball
1-1: Ball
2-1: Swinging Strike
2-2: Ball
3-2: Strikes out swinging
Top of the 4th over - 1 run(s), 1 hit(s), 0 error(s), 1 left on base; St. Louis 5 - Vista 0
BOTTOM OF THE 4TH
Vista Panthers batting - Pitching for St. Louis Browns : RHP Aaron Palmer
Batting: LHB Dante Owens 0-0: Called Strike
0-1: Ground out 3-1 (Groundball, 34S)
Batting: SHB Mark Wells 0-0: Fly out, F8 (Flyball, 8RM)
Batting: LHB Bob Cunningham 0-0: Ball
1-0: Swinging Strike
1-1: Ball
2-1: Foul Ball, location: 2F
2-2: Foul Ball, location: 2F
2-2: Foul Ball, location: 2F
2-2: SINGLE (Groundball, 6D)
Batting: RHB Cisco Gatán 0-0: Ball
1-0: Ball
2-0: Fly out, F9 (Flyball, 9LS)
Bottom of the 4th over - 0 run(s), 1 hit(s), 0 error(s), 1 left on base; St. Louis 5 - Vista 0
TOP OF THE 5TH
St. Louis Browns batting - Pitching for Vista Panthers : LHP William Watson
Pitching: RHP José Betancourt
Batting: LHB Junior Coates 0-0: Foul Ball, location: 2F
0-1: SINGLE (Flyball, 8LS)
Batting: RHB Anthony Rucker 0-0: Ball
1-0: Ball
2-0: Ball
3-0: Called Strike
3-1: Swinging Strike
3-2: Grounds into double play, 6-4-3 (Groundball, 6)
Batting: LHB Dave Watson 0-0: Ground out 4-3 (Groundball, 4)
Top of the 5th over - 0 run(s), 1 hit(s), 0 error(s), 0 left on base; St. Louis 5 - Vista 0
BOTTOM OF THE 5TH
Vista Panthers batting - Pitching for St. Louis Browns : RHP Aaron Palmer
Pitching: RHP António López
Batting: RHB Salvador Salas 0-0: Called Strike
0-1: Ball
1-1: Ball
2-1: Ball
3-1: Foul Ball, location: 2F
3-2: Strikes out looking
Batting: RHB Justin Burgess 0-0: Called Strike
0-1: Ball
1-1: Ball
2-1: Foul Ball, location: 2F
2-2: Foul Ball, location: 2F
2-2: Foul Ball, location: 2F
2-2: Ball
3-2: Base on Balls
Batting: RHB Johnny Williams 0-0: Ball
1-0: Foul Ball, location: 2F
1-1: Ball
2-1: SINGLE (Groundball, 34D)
Justin Burgess to second
Runner from 2nd tries for 3rd, OUT!
Johnny Williams to second
Batting: LHB Francisco Marino 0-0: Swinging Strike
0-1: Fly out, F4 (Line Drive, 4)
Bottom of the 5th over - 0 run(s), 1 hit(s), 0 error(s), 1 left on base; St. Louis 5 - Vista 0
TOP OF THE 6TH
St. Louis Browns batting - Pitching for Vista Panthers : RHP José Betancourt
Batting: LHB Bob Ware 0-0: Swinging Strike
0-1: Ball
1-1: Foul Ball, location: 2F
1-2: Ground out 6-3 (Groundball, 6M)
Batting: LHB Mike Hill 0-0: Ground out 4-3 (Groundball, 34)
Batting: RHB Vicente Valentín 0-0: Swinging Strike
0-1: Ball
1-1: Foul Ball, location: 2F
1-2: Ball
2-2: Strikes out looking
Top of the 6th over - 0 run(s), 0 hit(s), 0 error(s), 0 left on base; St. Louis 5 - Vista 0
BOTTOM OF THE 6TH
Vista Panthers batting - Pitching for St. Louis Browns : RHP António López
Batting: LHB Noriaki Sangi 0-0: Called Strike
0-1: Foul Ball, location: 2F
0-2: Strikes out swinging
Batting: LHB Dante Owens 0-0: Foul Ball, location: 2F
0-1: Swinging Strike
0-2: Ball
1-2: Ball
2-2: Ground out 1-3 (Groundball, 15)
Batting: SHB Mark Wells 0-0: Called Strike
0-1: Ball
1-1: Called Strike
1-2: Ball
2-2: Foul Ball, location: 2F
2-2: DOUBLE (Flyball, 89D)
Batting: LHB Bob Cunningham 0-0: Called Strike
0-1: Ball
1-1: Ball
2-1: Foul Ball, location: 2F
2-2: Foul Ball, location: 2F
2-2: Foul Ball, location: 2F
2-2: Ball
3-2: Foul Ball, location: 2F
3-2: Fly out, F7 (Flyball, 7)
Bottom of the 6th over - 0 run(s), 1 hit(s), 0 error(s), 1 left on base; St. Louis 5 - Vista 0
TOP OF THE 7TH
St. Louis Browns batting - Pitching for Vista Panthers : RHP José Betancourt
Batting: RHB Danny Walker 0-0: Called Strike
0-1: Ball
1-1: Ball
2-1: Ball
3-1: Foul Ball, location: 2F
3-2: Foul Ball, location: 2F
3-2: Foul Ball, location: 2F
3-2: Foul Ball, location: 2F
3-2: Foul Ball, location: 2F
3-2: Foul Ball, location: 2F
3-2: Base on Balls
Pitching: RHP Riley Johnston
Pinch Hitting: LHB Bill Murphy 0-0: Called Strike
0-1: Called Strike
0-2: Strikes out swinging
Pinch Hitting: LHB David Cháves 0-0: Fly out, F9 (Flyball, 9LMF)
Batting: LHB Junior Coates 0-0: Called Strike
0-1: Ball
1-1: Called Strike
1-2: Strikes out swinging
Top of the 7th over - 0 run(s), 0 hit(s), 0 error(s), 1 left on base; St. Louis 5 - Vista 0
BOTTOM OF THE 7TH
Vista Panthers batting - Pitching for St. Louis Browns : RHP António López
Now at 3B: Bill Murphy
Batting: RHB Cisco Gatán 0-0: Ball
Now at SS: Tommy Evans 1-0: Called Strike
1-1: Ground out 6-3 (Groundball, 6)
Batting: RHB Salvador Salas 0-0: SINGLE (Groundball, 6D)
Batting: RHB Justin Burgess 0-0: Grounds into double play, 6-4-3 (Groundball, 6)
Bottom of the 7th over - 0 run(s), 1 hit(s), 0 error(s), 0 left on base; St. Louis 5 - Vista 0
TOP OF THE 8TH
St. Louis Browns batting - Pitching for Vista Panthers : RHP Riley Johnston
Pinch Hitting: RHB Mario Rosales 0-0: Called Strike
0-1: Called Strike
0-2: Ball
1-2: Ground out 6-3 (Groundball, 4MD)
Batting: LHB Dave Watson 0-0: Ground out 4-3 (Groundball, 34)
Pinch Hitting: RHB Jeff Jones 0-0: Ball
1-0: Foul Ball, location: 2F
1-1: Foul Ball, location: 2F
1-2: Foul Ball, location: 2F
1-2: Ball
2-2: Ball
3-2: Ground out 6-3 (Groundball, 6)
Top of the 8th over - 0 run(s), 0 hit(s), 0 error(s), 0 left on base; St. Louis 5 - Vista 0
BOTTOM OF THE 8TH
Vista Panthers batting - Pitching for St. Louis Browns : RHP António López
Pitching: RHP Ramón Silva
Now at 1B: Jeff Jones
Now in CF: Mario Rosales
Batting: RHB Johnny Williams 0-0: Fly out, F8 (Flyball, 89S)
Pinch Hitting: RHB Phil Matthews 0-0: Fly out, F5 (Popup, 56)
Pinch Hitting: LHB Brent Alonzo 0-0: Ball
1-0: Ball
2-0: Foul Ball, location: 2F
2-1: Called Strike
2-2: Foul Ball, location: 2F
2-2: SINGLE (Groundball, 5D)
Pinch Hitting: RHB Alfredo López 0-0: Called Strike
0-1: Fly out, F9 (Flyball, 9LM)
Bottom of the 8th over - 0 run(s), 1 hit(s), 0 error(s), 1 left on base; St. Louis 5 - Vista 0
TOP OF THE 9TH
St. Louis Browns batting - Pitching for Vista Panthers : RHP Riley Johnston
Now at 1B: Phil Matthews
Now at 2B: Brent Alonzo
Now in LF: Alfredo López
Batting: LHB Robin Hill 0-0: Ball
1-0: SINGLE (Groundball, 3D)
Pinch Hitting: RHB António Venecia 0-0: Ball
1-0: SINGLE (Line Drive, 34D)
Robin Hill to second
Pinch Hitting: LHB Jorge Torres 0-0: Foul Ball, location: 2F
0-1: Sac Bunt - play at first, batter OUT! 5-3
Robin Hill to third
António Venecia to second
Batting: LHB Bill Murphy Balk!
Robin Hill scores
António Venecia to third
0-0: Called Strike
0-1: Ground out 4-3 (Groundball, 4)
António Venecia scores
Batting: LHB Tommy Evans 0-0: SINGLE (Line Drive, 89S)
Pitching: LHP Enrique Muńóz
Pinch Hitting: RHB Doug Murray 0-0: Swinging Strike
0-1: Foul Ball, location: 2F
0-2: Strikes out looking
Top of the 9th over - 2 run(s), 3 hit(s), 0 error(s), 1 left on base; St. Louis 7 - Vista 0
BOTTOM OF THE 9TH
Vista Panthers batting - Pitching for St. Louis Browns : RHP Ramón Silva
Now at 2B: Domingo Romero
Now in LF: Doug Murray
Now in CF: Pepe Vázquez
Batting: RHB Mario Beltrán 0-0: Ball
1-0: Foul Ball, location: 2F
1-1: Swinging Strike
1-2: Ball
2-2: Ball
3-2: Fly out, F6 (Line Drive, 6)
Batting: LHB Bob Cunningham 0-0: Ball
1-0: Ball
2-0: Ball
3-0: Base on Balls
Pinch Hitting: RHB Griswold Coleman 0-0: Fly out, F9 (Flyball, 9S)
Pinch Hitting: RHB António López 0-0: Called Strike
0-1: Ball
1-1: Foul Ball, location: 2F
1-2: Ball
2-2: Strikes out swinging
Bottom of the 9th over - 0 run(s), 0 hit(s), 0 error(s), 1 left on base; St. Louis 7 - Vista 0
Tuesday, August 8th, 2017 - OOTP Baseball 17.12 Build 75